 Dungeon Crawl Stone Soup version 0.21-a0-440-g28109cb (webtiles) character file.

0 Beatriz the Skirmisher (level 1, -1/18 HPs)
             Began as a Demonspawn Abyssal Knight on Nov 11, 2017.
             Was a Follower of Lugonu.
             Slain by a worldbinder (7 damage)
             ... on level 2 of the Abyss.
             The game lasted 00:00:43 (95 turns).

Beatriz the Skirmisher (Demonspawn Abyssal Knight)    Turns: 95, Time: 00:00:44

Health: -1/18      AC:  3    Str: 12      XL:     1   Next: 0%
Magic:  2/2        EV: 11    Int: 13      God:    Lugonu [*.....]
Gold:   54         SH:  0    Dex: 10 (12) Spells: 0/0 levels left

rFire    . . .     SeeInvis .   a - +1 hand axe
rCold    . . .     Gourm    .   (no shield)
rNeg     . . .     Faith    .   b - +0 leather armour
rPois    .         Spirit   .   (no helmet)
rElec    .         Reflect  .   (no cloak)
rCorr    .         Harm     .   (no gloves)
MR       .....                  (no boots)
Stlth    +.........             (no amulet)
HPRegen  0.06/turn              (no ring)
MPRegen  0.08/turn              (no ring)

@: no status effects
A: no striking features
a: Depart the Abyss, Renounce Religion


You were on level 2 of the Abyss.
You worshipped Lugonu.
Lugonu was aware of your devotion.
You were not hungry.

You visited 0 branches of the dungeon, and saw 0 of its levels.
You visited the Abyss 1 time.

You collected 54 gold pieces.

Inventory:

Hand Weapons
 a - a +1 hand axe (weapon)
Armour
 b - a +0 leather armour (worn)
Comestibles
 c - a bread ration


   Skills:
 + Level 3.0 Fighting
 + Level 1.7 Axes
 + Level 1.7 Armour
 + Level 0.8 Dodging
 + Level 2.4 Invocations


You couldn't memorise any spells.
You didn't know any spells.

Dungeon Overview and Level Annotations

Branches:
Dungeon (0/15)

Altars:


Message History

The quasit claws you but does no damage.
The starspawn tentacle grabs you. The starspawn tentacle constricts you.
You escape the starspawn tentacle's grasp.
The worldbinder calls forth creatures from the Lair of Beasts!
The quasit barely misses you.
The quasit claws you but does no damage.
The quasit closely misses you.
A raiju comes into view.
Tentacles burst from the starspawn's body!
The quasit bites you.
The quasit claws you but does no damage.
The quasit misses you.
A large abomination and 2 starspawn tentacles come into view.
The worldbinder hits you but does no damage.
The worldbinder hits you. The worldbinder barely misses you.
The worldbinder hits you.
Tentacles burst from the starspawn's body! 2 starspawn tentacles come into view.
The worldbinder closely misses you. The worldbinder hits you!
You die...

#. ..# ##
..###. ## .
#.#.. #.##
#h#..#.###
...#
#.##...X.#
....
..#.....##..#
###.#.#.x#..#
#. .##..#.#@#
. .##
..#.#5###
.#... #.#


XF# #...#...#F.##. #...##w.F#. .###..#.wX#..# #... #..#..##..# ## ###X..#.##
.#.# ...#..##....# . .. You could see a large abomination and a worldbinder.

Vanquished Creatures (others)
  4 starspawn tentacles (Abyss:2)
4 creatures vanquished.

Notes
Turn   | Place    | Note
-------+----------+-------------------------------------------
     0 | Abyss:1  | Beatriz the Demonspawn Abyssal Knight began the quest for the Orb.
     0 | Abyss:1  | Reached XP level 1. HP: 18/18 MP: 2/2
    66 | Abyss:2  | Noticed a shadow
    71 | Abyss:2  | Noticed a large abomination
    72 | Abyss:2  | Noticed a large abomination
    74 | Abyss:2  | Noticed a quasit
    75 | Abyss:2  | Noticed a large abomination
    80 | Abyss:2  | Noticed a large abomination
    83 | Abyss:2  | Noticed a worldbinder
    84 | Abyss:2  | Noticed a tentacled starspawn
    89 | Abyss:2  | Noticed a blink frog
    89 | Abyss:2  | Noticed a spiny frog
    89 | Abyss:2  | Noticed a blink frog
    90 | Abyss:2  | Noticed a raiju
    92 | Abyss:2  | Noticed a large abomination
    95 | Abyss:2  | Slain by a worldbinder

Vault maps used:

Action                   || total
-------------------------++-------
Armor: Leather armour    ||     8
Dodge: Dodged            ||    13

Table legend:
 A = Spawn XP
 B = Non-spawn XP
 C = Spawn XP percentage of total XP
 D = Spawn monster count
 E = Non-spawn monster count
 F = Spawn count percentage of total count
 G = Total turns spent on level
                    A         B        C        D         E        F      G
               +---------+---------+-------+---------+---------+-------+---------
         Total |       0 |       0 |   N/A |       0 |       0 |   N/A |    95
               +---------+---------+-------+---------+---------+-------+---------
               +---------+---------+-------+---------+---------+-------+---------
